 Dungeon Crawl Stone Soup version 0.19-a0-506-g7d78316 (webtiles) character file.

577248 Ryco the Impregnable (level 25, -8/322 HPs)
             Began as a Deep Dwarf Fighter on June 2, 2016.
             Was the Champion of Makhleb.
             Mangled by an iron dragon simulacrum (65 damage)
             ... summoned by a mummy priest
             ... on level 9 of a ziggurat on June 5, 2016.
             The game lasted 05:10:48 (26775 turns).

Ryco the Impregnable (Deep Dwarf Fighter)          Turns: 26775, Time: 05:10:49

Health: -8/322     AC: 34    Str: 35    XL:     25   Next: 26%
Magic:  11/22      EV: 16    Int: 19    God:    Makhleb [******]
Gold:   3751       SH:  4    Dex: 16    Spells: 5 memorised, 12 levels left

rFire  + . .     SeeInvis +     a - +11 battleaxe "Qamiguo" {chop, rPois Str+7 Int+2}
rCold  x . .     Gourm    .     (armour currently unavailable)
rNeg   + + .     Faith    .     (shield currently unavailable)
rPois  ∞         Spirit   .     T - +2 helmet {SInv}
rElec  +         Dismiss  .     A - +2 cloak {rPois}
rCorr  .         Reflect  +     (gloves currently unavailable)
SustAt .         Harm     .     (boots currently unavailable)
MR     +++..                    C - +4 amulet of reflection
Stlth  +.........               Z - ring of wizardry
                                B - ring of Utya {Fire Int+4 Dex+4}

@: statue-form, very slightly contaminated, non-regenerating, studying 2 skills,
repel missiles, very slow, extremely resistant to hostile enchantments, very
unstealthy
A: damage resistance, recharge devices, deterioration 1, negative energy
resistance 1, sense surroundings 3, slow regeneration 3
a: Device Recharging, End Transformation, Minor Destruction, Lesser Servant of
Makhleb, Major Destruction, Greater Servant of Makhleb, Renounce Religion
}: 4/15 runes: decaying, silver, abyssal, gossamer


You were on level 9 of a ziggurat.
You worshipped Makhleb.
Makhleb was exalted by your worship.
You were not hungry.
You were a stone statue.
You visited 11 branches of the dungeon, and saw 51 of its levels.
You visited the Abyss 1 time.
You visited 1 ziggurat, and saw 9 of its levels.
You also visited: Sewer.

You collected 7820 gold pieces.
You spent 4069 gold pieces at shops.

Inventory:

Hand Weapons
 a - the +11 battleaxe "Qamiguo" (weapon) {chop, rPois Str+7 Int+2}
   (You found it on level 2 of the Vaults)

   It inflicts extra damage upon your enemies.
   It affects your strength (+7).
   It affects your intelligence (+2).
   It protects you from poison.
 u - a +9 executioner's axe of chopping
Armour
 k - the +8 ice dragon armour "Urhaxure" (melded) {rF- rC++ Dex+3}
   (You bought it in a shop on level 2 of the Orcish Mines)

   It affects your dexterity (+3).
   It makes you vulnerable to fire.
   It greatly protects you from cold.
 A - a +2 cloak of poison resistance (worn)
 F - a +2 pair of boots (melded)
 M - the +10 plate armour "Esesooc" {*Contam rElec Int+3 Stlth+}
   (You found it on level 9 of the Dungeon)

   It affects your intelligence (+3).
   It insulates you from electricity.
   It causes magical contamination when unequipped.
   It makes you more stealthy.
 O - the +3 pair of gauntlets of War (melded) {Slay+5}
   (You found it on level 3 of the Elven Halls)

   It affects your accuracy and damage with ranged weapons and melee attacks
   (+5).
 T - a +2 helmet of see invisible (worn)
Rods
 q - a +4 rod of clouds (1/12)
   (You found it on level 3 of the Crypt)
Jewellery
 o - the ring "Lauguog" {rC+ MP+9 Dex+3}
   (You found it on level 3 of the Crypt)

   [ring of protection from cold]

   It affects your dexterity (+3).
   It protects you from cold.
   It affects your magic capacity (+9).
 v - the ring "Bofefeozof" {rPois rF+ MR+ Int-3}
   (You took it off a deep elf archer on level 3 of the Elven Halls)

   [ring of protection from fire]

   It affects your intelligence (-3).
   It protects you from fire.
   It protects you from poison.
   It affects your resistance to hostile enchantments.
 B - the ring of Utya (left hand) {Fire Int+4 Dex+4}
   (You found it on level 5 of the Vaults)

   [ring of fire]

   It enhances your fire magic, and weakens your ice magic.
   It affects your intelligence (+4).
   It affects your dexterity (+4).
   It protects you from fire.
   It makes you vulnerable to cold.
 C - a +4 amulet of reflection (around neck)
 Z - a ring of wizardry (right hand)
Wands
 e - a wand of heal wounds (5/9)
 y - a wand of confusion (25/48)
 G - a wand of lightning (2/15)
 Q - a wand of digging (6/24)
 V - a wand of disintegration (12/24)
 Y - a wand of iceblast (7/15)
Scrolls
 c - 10 scrolls of fog
 l - 5 scrolls of recharging
 p - 7 scrolls of noise
 r - 2 scrolls of enchant armour
 s - 19 scrolls of remove curse
 z - 11 scrolls of teleportation
 H - 7 scrolls of magic mapping
 J - 15 scrolls of immolation
 K - 4 scrolls of fear
 L - 4 scrolls of summoning
 U - a scroll of silence
Potions
 b - 2 potions of brilliance
 d - 2 potions of might
 h - 9 potions of curing
 m - 6 potions of heal wounds
 n - 3 potions of cure mutation
 t - 7 potions of flight
 w - 3 potions of agility
 E - 4 potions of resistance
 N - 5 potions of haste
 P - 5 potions of magic
 S - 2 potions of ambrosia
Books
 g - a manual of Dodging
 X - a manual of Evocations
Miscellaneous
 R - a fan of gales
 W - a phantom mirror
Comestibles
 f - 19 bread rations
 j - 26 meat rations


   Skills:
 + Level 19.0 Fighting
 + Level 20.8 Axes
   Level 1.0(13.1) Maces & Flails
 + Level 0.8 Throwing
 * Level 26.7 Armour
 + Level 6.2 Dodging
   Level 3.2 Shields
 + Level 2.8 Spellcasting
 - Level 0.1 Charms
 - Level 10.1 Transmutations
 - Level 13.9 Earth Magic
 - Level 15.3 Invocations
 - Level 11.1 Evocations


You had 12 spell levels left.
You knew the following spells:

 Your Spells              Type           Power        Failure   Level  Hunger
a - Statue Form           Tmut/Erth      #####....    9%          6    #######
b - Passage of Golubria   Tloc           N/A          78%         4    ####...
c - Repel Missiles        Chrm/Air       #.....       10%         2    ##.....
d - Blink                 Tloc           N/A          10%         2    ##.....
w - Spectral Weapon       Hex/Chrm       #.......     24%         3    ###....


Dungeon Overview and Level Annotations

Branches:
Dungeon (15/15)            Temple (1/1) D:5            Lair (8/8) D:10
  Swamp (4/4) Lair:4       Spider (4/4) Lair:6        Slime (0/6) Lair:7
    Orc (2/2) D:11            Elf (3/3) Orc:2        Vaults (5/5) D:13
  Crypt (3/3) Vaults:3       Tomb (1/3) Crypt:3      Depths (5/5) D:15
    Zot (0/5) Depths:5

Altars:
Ashenzari
Cheibriados
Dithmenos
Elyvilon
Fedhas
Gozag
Hepliaklqana
Kikubaaqudgha
Makhleb
Nemelex Xobeh
Okawaru
Pakellas
Qazlal
Sif Muna
Trog
Uskayaw
Vehumet
Xom
Yredelemnul
Zin
The Shining One
Beogh
Lugonu

Shops:
D:4 *   D:7 *   D:9 *   D:12 [   D:14 %   Orc:2 %((?[([   Elf:2 =   Vaults:3 ?

Portals:
Hell: Lair:8 Depths:2 Depths:3 Depths:5
Abyss: Depths:4
Pandemonium: Depths:3
Trove: Elf:1 (give wand of hasting (9))

Annotations:
D:4 Senshi's ghost, amateur HaSk
Swamp:4 Lernaean hydra
Vaults:4 Guenter's ghost, adept FoFi


Innate Abilities, Weirdness & Mutations

You are resistant to damage.
You can recharge devices by infusing magical energy.
You resist negative energy. (rN+)
You passively map a large area around you.
You do not regenerate naturally.
Your body sometimes deteriorates upon taking damage.


Message History

The greater mummy points at you and mumbles some strange words.
Something smites you!
* * * LOW HITPOINT WARNING * * *
The anubis guard is engulfed in poison gas.
The anubis guard looks even sicker.
The shadow hits you. The orange demon closely misses you.
The phantasmal warrior blinks!
The guardian mummy hits you but does no damage.
Blink to where?
Press: ? - help, Dir - move target cursor You are very lightly contaminated with residual magic.
As you read the scroll of blinking, it crumbles to dust.
The death scarab bites you but does no damage.
The chaos spawn hits you but does no damage.
The iron dragon simulacrum bites you but does no damage.
The iron dragon simulacrum closely misses you.
The iron dragon simulacrum tramples you!
* * * LOW HITPOINT WARNING * * *
The iron dragon simulacrum freezes you!!!
You feel a terrible chill!
You die...

▓▓▓▓▓▓▓▓▓▓▓
▓▓......s..▓▓
▓▓.....ZWZM..▓▓
▓▓...#Z.WVB#MZ[▓▓
▓▓......M3nWWMM![▓▓
▓▓......24VMM3MV8|B▓
▓.∩......MMZWWB3Z§>$▓
▓▓.......WWW§MM§Z[∩▓▓
▓▓.......ZZH§MZ:|▓▓
▓▓...#§W.MZ#...▓▓
▓▓...........▓▓
▓▓.W.......▓▓
▓▓▓▓▓▓▓▓▓▓▓


You could see a greater mummy, an emperor scorpion, 5 mummy priests, 2 jiangshi,
a soul eater, a flayed ghost, a shadow wraith (invisible), an orange demon, a
phantasmal warrior, an anubis guard, 2 guardian mummies, 2 freezing wraiths, a
smoke demon, a hungry ghost, a chaos spawn, a vampire, 2 wraiths, 3 death
scarabs, a necrophage, 2 shadows, 6 mummies, an iron dragon simulacrum, a tengu
simulacrum, a caustic shrike simulacrum, a shadow dragon zombie, a sphinx
zombie, a spriggan zombie, a spriggan zombie, a stone giant zombie, a titan
zombie and a caustic shrike zombie.

Vanquished Creatures
  3 ancient liches
  2 greater mummies (Tomb:1)
  Saint Roka (Elf:2)
  A caustic shrike (Depths:4)
  2 golden dragons
  A Tzitzimitl (Zig:3)
  2 bone dragons
  Arachne (Spider:3)
  7 tentacled monstrosities
  A Hell Sentinel (Zig:7)
  A pandemonium lord (Zig:7)
  3 liches
  A deep elf master archer (Elf:3)
  7 titans
  2 deep elf blademasters (Elf:3)
  4 quicksilver dragons (Vaults:5)
  An acid blob (Zig:6)
  8 sphinxes
  The ghost of Loup the Bludgeoner, an adept MiBe of Trog (Spider:1)
  3 thorn hunters
  2 tentacled starspawn
  Agnes (D:15)
  6 ancient champions (Crypt:3)
  5 storm dragons
  A shadow dragon (Depths:5)
  3 revenants (Crypt:3)
  10 tengu reavers
  4 frost giants
  4 fire giants
  11 vault wardens
  Donald (Spider:4)
  2 daevas (Zig:5)
  2 iron dragons
  A cacodemon (Zig:7)
  11 deep elf sorcerers
  5 ghost moths
  6 emperor scorpions
  A black sun (Zig:7)
  4 spriggan defenders (Depths:2)
  A curse skull (Crypt:1)
  2 angels
  2 draconian annihilators (Depths:5)
  5 ironheart preservers
  2 ghouls (Crypt:1)
  2 deep elf elementalists
  12 stone giants
  21 very ugly things
  3 caustic shrike skeletons (Crypt:3)
  2 apis (Zig:5)
  Nessos (Orc:2)
  3 war gargoyles (Vaults:5)
  4 deep elf annihilators (Elf:3)
  A corrupter (Zig:7)
  5 vampire knights
  4 deep elf demonologists
  A yellow draconian (Depths:5)
  A dire elephant (Abyss:4)
  A black draconian (Depths:5)
  A green draconian (Depths:5)
  2 lorocyprocas
  5 purple draconians
  3 spark wasps
  2 eidola (Crypt:3)
  7 ettins
  3 merfolk javelineers
  9 deep elf death magi
  31 vault guards
  4 jiangshi
  4 fire dragons
  A crystal guardian (Vaults:2)
  2 deep elf high priests
  22 yaktaur captains
  3 merfolk impalers (Zig:4)
  A quicksilver dragon skeleton (Crypt:3)
  6 rakshasas
  5 great orbs of eyes
  Fannar (Orc:1)
  15 hydras
  3 entropy weavers
  A ghost crab (Swamp:3)
  Erolcha (D:9)
  A spriggan air mage (Depths:4)
  4 death knights
  4 ice dragons
  Erica (Lair:2)
  21 dancing weapons
  3 alligators
  9 centaur warriors
  9 death yaks
  8 deep troll shamans
  3 tengu warriors
  10 ogre magi
  6 vampire magi
  A deep troll earth mage (Depths:5)
  11 large abominations (Abyss:3)
  5 thrashing horrors
  3 spriggan berserkers
  15 spriggans
  11 deep elf knights
  A shock serpent (shapeshifter) (Depths:3)
  4 titan skeletons (Crypt:3)
  Sonja (D:12)
  2 sun demons
  A shadow wraith (D:13)
  25 skeletal warriors
  A ghost moth zombie (Crypt:3)
  3 iron trolls
  A storm dragon skeleton (Crypt:3)
  4 spatial maelstroms (Abyss:3)
  3 giant orange brains
  5 swamp dragons
  3 unseen horrors
  A wretched star (Abyss:3)
  11 deep trolls
  6 flayed ghosts
  A shadow demon (Zig:7)
  4 shambling mangroves
  4 spriggan druids
  2 anubis guards (shapeshifter)
  5 hill giants
  12 ironbrand convokers
  Pikel (D:6)
  8 deep elf archers
  3 anubis guards
  9 orc knights
  A wolf spider zombie (D:15)
  An anaconda skeleton (Crypt:3)
  8 phantasmal warriors
  3 necromancers
  A lindwurm (shapeshifter) (Elf:1)
  A mana viper (shapeshifter) (Vaults:5)
  21 ugly things
  12 orb spiders
  4 griffons
  An oklob plant (D:10)
  A salamander (shapeshifter) (Vaults:4)
  38 deep elf magi
  4 orc sorcerers
  8 hornets
  14 wolf spiders
  6 cyclopes
  9 wizards
  A fire giant zombie (Crypt:3)
  A frost giant zombie (Abyss:3)
  2 sixfirhies
  A shining eye (shapeshifter) (Zig:1)
  7 worldbinders
  3 fire giant skeletons
  A guardian serpent (shapeshifter) (Vaults:5)
  A moth of wrath (Zig:8)
  19 elephants
  4 smoke demons
  7 black mambas
  2 water nymphs (Abyss:4)
  An eye of devastation (shapeshifter) (Vaults:5)
  A frost giant skeleton (Crypt:2)
  A torpor snail (Lair:8)
  2 apocalypse crabs (Abyss:3)
  A shock serpent zombie (Crypt:2)
  8 vault sentinels
  A shock serpent skeleton (Crypt:3)
  2 gargoyles
  2 centaur skeletons
  12 demonic crawlers
  33 yaktaurs
  A red draconian zombie (Crypt:2)
  3 orange demons
  21 spiny frogs
  A white draconian zombie (Crypt:3)
  A yaktaur (shapeshifter) (Vaults:3)
  11 freezing wraiths
  3 kobold demonologists (Vaults:3)
  A catoblepas zombie (Crypt:3)
  2 efreet
  5 ice devils
  3 komodo dragons
  A tormentor (Abyss:3)
  7 ancient zymes
  4 red devils
  4 guardian mummies
  3 tengu conjurers
  A queen bee (Orc:1)
  2 hellwings
  8 merfolk (Zig:4)
  2 merfolk (shapeshifter)
  A troll (shapeshifter) (Abyss:3)
  16 jumping spiders
  2 giant leeches
  14 trolls
  A wind drake (shapeshifter) (Elf:3)
  17 two-headed ogres
  A harpy skeleton (D:14)
  16 raiju
  Grinder (D:6)
  29 slime creatures
  10 blink frogs
  A raiju (shapeshifter) (Vaults:3)
  7 boulder beetles
  An ice dragon zombie (Abyss:4)
  9 bog bodies
  2 ushabtiu
  An ettin zombie (Vaults:3)
  A snapping turtle (Zig:4)
  2 human simulacra
  77 redbacks
  4 shadows
  A spriggan skeleton (Zig:9)
  10 water elementals
  29 starcursed masses
  6 flying skulls
  3 ynoxinuls
  2 air elementals (Elf:2)
  14 tarantellas
  2 vampires
  A yak (shapeshifter) (D:13)
  5 wraiths
  3 basilisks
  43 yaks
  6 hippogriffs
  2 wyverns
  2 hungry ghosts
  3 fire elementals
  Menkaure (D:6)
  2 chaos spawn
  A golden eye (Zig:6)
  3 neqoxecs (Abyss:3)
  19 vampire mosquitoes
  2 mottled dragons
  A warg (shapeshifter) (Vaults:2)
  12 swamp worms
  A torturous demonspawn zombie (Crypt:1)
  2 insubstantial wisps (Swamp:1)
  5 spatial vortices (Abyss:3)
  A swamp worm (shapeshifter) (Elf:2)
  7 wargs
  An infernal demonspawn skeleton (Crypt:3)
  An orb spider zombie (Crypt:3)
  A torturous demonspawn skeleton (Crypt:3)
  A hell hound (Lair:8)
  15 water moccasins
  5 porcupines
  7 swamp drakes
  Duvessa (D:7)
  3 eyes of draining
  A gelid demonspawn skeleton (Crypt:1)
  2 phantoms
  2 ice beasts
  24 orc warriors
  A black bear (D:13)
  An eye of draining (shapeshifter) (Vaults:5)
  3 necrophages
  2 sky beasts
  24 wasps
  11 centaurs
  55 ogres
  5 wolves (Lair:5)
  An elephant skeleton (Crypt:3)
  6 crocodiles
  4 big kobolds
  Blork the orc (D:6)
  2 earth elementals (Elf:3)
  15 giant frogs
  Dowan (D:7)
  2 wyvern skeletons
  2 scorpions
  A shapeshifter zombie (Crypt:3)
  24 killer bees
  10 wights (Crypt:3)
  5 howler monkeys
  3 electric eels
  6 crimson imps
  2 giant frog zombies (D:12)
  7 hounds
  5 quasits
  3 centaur zombies
  5 orc priests
  A giant frog skeleton (D:6)
  3 iron imps
  20 jellies
  22 orc wizards
  7 worker ants
  A human skeleton (Crypt:3)
  10 iguanas
  5 hell rats (Lair:4)
  16 sheep
  A felid zombie (Crypt:2)
  8 small abominations (Abyss:3)
  A hound zombie (D:10)
  4 mummies (Tomb:1)
  A worker ant zombie (D:8)
  4 gnolls
  11 adders
  43 river rats
  A swamp drake skeleton (Crypt:1)
  5 shadow imps
  8 white imps
  2 ufetubi (Depths:3)
  An ooze (D:3)
  A worm zombie (Crypt:2)
  2 adder skeletons (D:4)
  A halfling skeleton (Crypt:3)
  A sheep skeleton (Crypt:1)
  3 dart slugs
  6 giant geckos
  80 orcs
  7 bats
  5 giant cockroaches
  5 goblins
  5 hobgoblins
  16 jackals
  2 quokkas
  4 giant newts
  19 kobolds
  12 rats
  A briar patch (Swamp:4)
  4 fungi
  5 plants
  3 starspawn tentacles (Abyss:3)
  2 toadstools (D:1)
1945 creatures vanquished.

Vanquished Creatures (collateral kills)
  A thorn hunter (Swamp:4)
  2 emperor scorpions
  A very ugly thing (Vaults:5)
  7 hydras
  An entropy weaver (shapeshifter) (Zig:3)
  A hell beast (Zig:7)
  2 dancing weapons (Elf:2)
  An alligator (Swamp:3)
  A death yak (Lair:8)
  A fire crab (shapeshifter) (Zig:3)
  A wizard (Lair:8)
  4 swamp dragons (Swamp:4)
  A spriggan druid (Swamp:4)
  5 orb spiders
  An ugly thing (Swamp:4)
  2 wolf spiders (Spider:4)
  A hornet (Swamp:3)
  5 deep elf magi
  An elephant (Lair:8)
  A rime drake (Lair:8)
  2 giant leeches
  2 jumping spiders (Spider:4)
  4 bog bodies
  2 spriggans
  An air elemental (Elf:2)
  A tarantella (Spider:4)
  3 yaks (Lair:8)
  A vampire mosquito (Swamp:4)
  An insubstantial wisp (Swamp:1)
  A hell hound (Lair:8)
  An orc warrior (Elf:2)
  2 swamp drakes (Swamp:4)
  4 wasps
  8 killer bees (Orc:1)
  2 river rats (Lair:5)
75 creatures vanquished.

Vanquished Creatures (others)
  A titan (Vaults:5)
  2 deep elf elementalists
  An ettin (Vaults:5)
  A yaktaur (Vaults:5)
  An anaconda simulacrum (Tomb:1)
  2 tarantellas (Zig:8)
  A shadow (D:14)
  A black bear (D:6)
  2 killer bees (Orc:1)
  A wight (Abyss:3)
  A giant frog zombie (D:6)
  A worker ant (D:6)
  A river rat (Lair:8)
  An orc (D:6)
  2 giant newts
  5 briar patches
  16 bushes
  10 fungi
  4 lost souls (Crypt:3)
  12 plants
  2 starspawn tentacles (Abyss:4)
  7 starspawn tentacle segments
  2 toadstools (D:1)
77 creatures vanquished.

Grand Total: 2097 creatures vanquished

Notes
Turn   | Place    | Note
--------------------------------------------------------------
     0 | D:1      | Ryco the Deep Dwarf Fighter began the quest for the Orb.
     0 | D:1      | Reached XP level 1. HP: 20/20 MP: 1/1
   169 | D:2      | Reached XP level 2. HP: 15/28 MP: 2/2
   175 | D:2      | Reached skill level 4 in Armour
   175 | D:2      | Reached XP level 3. HP: 18/34 MP: 3/3
   224 | D:4      | Noticed Senshi's ghost (amateur HaSk)
   388 | D:1      | Reached XP level 4. HP: 36/42 MP: 4/4
  1065 | D:3      | Reached skill level 1 in Dodging
  1111 | D:4      | Noticed a phantom
  1158 | D:4      | Killed a phantom
  1158 | D:4      | Reached XP level 5. HP: 32/50 MP: 5/5
  1178 | D:4      | Found Joaruyruity's Assorted Antiques.
  1194 | D:4      | Bought a scroll labeled FYECLESUED for 33 gold pieces
  1194 | D:4      | Bought a scroll labeled FYECLESUED for 33 gold pieces
  1241 | D:3      | Gained mutation: You are partially covered in rugged brown scales. (AC +1, +3% HP) [potion of mutation]
  1241 | D:3      | Gained mutation: Your system is resistant to poisons. (rPois) [potion of mutation]
  1241 | D:3      | Gained mutation: You occasionally shout uncontrollably at your foes. [potion of mutation]
  1381 | D:4      | Reached skill level 1 in Evocations
  1400 | D:4      | Found a glowing golden altar of the Shining One.
  1408 | D:4      | Reached XP level 6. HP: 16/58 MP: 6/6
  1418 | D:5      | Entered Level 5 of the Dungeon
  1419 | D:5      | Found a hazy altar of Hepliaklqana.
  1457 | D:5      | Found a blossoming altar of Fedhas.
  1463 | D:5      | Found a staircase to the Ecumenical Temple.
  1478 | D:5      | Reached skill level 5 in Armour
  1507 | Temple   | Entered the Ecumenical Temple
  1620 | D:5      | Reached skill level 5 in Axes
  1637 | D:5      | Found a glowing drain.
  1641 | Sewer    | Entered a sewer
  1715 | Sewer    | Reached XP level 7. HP: 27/67 MP: 7/7
  1735 | Sewer    | Found a white marble altar of Elyvilon.
  1851 | D:5      | Found a basalt altar of Yredelemnul.
  1851 | D:5      | Found an oddly glowing altar of Pakellas.
  1892 | D:5      | Found a shimmering altar of Xom.
  1945 | D:6      | Noticed Menkaure
  1963 | D:6      | Killed Menkaure
  1997 | D:6      | Noticed Grinder
  2017 | D:6      | Killed Grinder
  2017 | D:6      | Reached skill level 6 in Armour
  2017 | D:6      | Reached XP level 8. HP: 33/75 MP: 7/7
  2095 | D:6      | Noticed Pikel
  2119 | D:6      | Killed Pikel
  2119 | D:6      | Reached skill level 5 in Fighting
  2230 | D:7      | Found an opulent altar of Gozag.
  2269 | D:7      | Found Qucoeg's Assorted Antiques.
  2399 | D:7      | Found a sparkling altar of Nemelex Xobeh.
  2443 | D:7      | Found a stormy altar of Qazlal.
  2457 | D:7      | Noticed Duvessa
  2457 | D:7      | Noticed Dowan
  2464 | D:7      | Killed Duvessa
  2464 | D:7      | Gained mutation: You passively map the area around you. [Deep Dwarf growth]
  2464 | D:7      | Reached XP level 9. HP: 49/83 MP: 8/8
  2484 | D:7      | Killed Dowan
  2566 | D:7      | Reached skill level 10 in Axes
  2596 | D:7      | Reached skill level 7 in Armour
  2672 | D:7      | Noticed a troll
  2682 | D:7      | Killed a troll
  2764 | D:7      | Upgraded the game from 0.19-a0-458-gfd99d95 to 0.19-a0-466-g499225e
  2837 | D:8      | HP: 4/83 [something (6)]
  2848 | D:8      | Killed an unseen horror
  2861 | D:8      | Got a translucent lajatang
  3014 | D:9      | Found a hide-covered altar of Uskayaw.
  3028 | D:9      | Found a burning altar of Makhleb.
  3031 | D:9      | Became a worshipper of Makhleb the Destroyer
  3366 | D:7      | Bought a pair of embroidered boots for 112 gold pieces
  3366 | D:7      | Bought 2 inky potions for 45 gold pieces
  3366 | D:7      | Bought a scroll labeled WORELU VEIPNOM for 25 gold pieces
  3475 | D:6      | Noticed Blork the orc
  3493 | D:6      | Killed Blork the orc
  3493 | D:6      | Reached skill level 5 in Dodging
  3493 | D:6      | Reached XP level 10. HP: 45/93 MP: 8/8
  3580 | D:6      | Found an ancient bone altar of Kikubaaqudgha.
  3581 | D:6      | Found a blossoming altar of Fedhas.
  3599 | D:6      | Reached skill level 1 in Invocations
  3776 | D:4      | Reached * piety under Makhleb
  3780 | D:4      | Reached skill level 8 in Armour
  3897 | D:4      | Found an iron altar of Okawaru.
  4239 | D:8      | Reached ** piety under Makhleb
  4520 | D:9      | Found a radiant altar of Vehumet.
  4584 | D:9      | Got a scorched plate armour
  4595 | D:9      | Identified the +10 plate armour "Esesooc" {*Contam rElec Int+3 Stlth+} (You found it on level 9 of the Dungeon)
  4615 | D:9      | Noticed Erolcha
  4621 | D:9      | Killed Erolcha
  4644 | D:9      | Found Akko's Assorted Antiques.
  4665 | D:9      | Bought a fuming cyan potion for 18 gold pieces
  4665 | D:9      | Bought a scroll labeled RADIVO JOROMN for 21 gold pieces
  4665 | D:9      | Bought a scroll labeled OBBYCL VESSI for 21 gold pieces
  4665 | D:9      | Bought a scroll labeled ZOVVER VIACU for 21 gold pieces
  4789 | D:10     | Entered Level 10 of the Dungeon
  4837 | D:10     | Noticed an oklob plant
  4893 | D:10     | Found a shimmering altar of Xom.
  4895 | D:10     | Found a shimmering altar of Xom.
  4928 | D:10     | Found a shimmering altar of Xom.
  4928 | D:10     | Found a shimmering altar of Xom.
  4938 | D:10     | Found a shimmering altar of Xom.
  4942 | D:10     | Found a shimmering altar of Xom.
  4966 | D:10     | Found a shimmering altar of Xom.
  4986 | D:10     | Found a staircase to the Lair.
  4996 | D:10     | Killed an oklob plant
  4996 | D:10     | Reached skill level 9 in Armour
  5021 | Lair:1   | Entered Level 1 of the Lair of Beasts
  5070 | Lair:2   | Noticed Erica
  5087 | Lair:2   | Killed Erica
  5087 | Lair:2   | Reached skill level 5 in Invocations
  5087 | Lair:2   | Reached XP level 11. HP: 101/101 MP: 10/10
  5130 | Lair:3   | Reached *** piety under Makhleb
  5402 | Lair:6   | Learned a level 6 spell: Statue Form
  5469 | Lair:6   | Reached **** piety under Makhleb
  5630 | Lair:7   | Noticed a death yak
  5631 | Lair:7   | Noticed a death yak
  5642 | Lair:7   | Noticed a death yak
  5643 | Lair:7   | Noticed a death yak
  5649 | Lair:7   | Killed a death yak
  5660 | Lair:7   | Killed a death yak
  5662 | Lair:7   | Killed a death yak
  5668 | Lair:7   | Killed a death yak
  5668 | Lair:7   | Reached XP level 12. HP: 106/113 MP: 13/13
  5731 | Lair:8   | Entered Level 8 of the Lair of Beasts
  5731 | Lair:8   | Noticed an eight-headed hydra
  5762 | Lair:8   | Reached skill level 15 in Axes
  5804 | Lair:8   | Reached ***** piety under Makhleb
  5838 | Lair:8   | Reached skill level 10 in Armour
  5975 | Lair:8   | Noticed a seven-headed hydra
  5992 | Lair:8   | Killed a seven-headed hydra
  6096 | Lair:8   | Found a burning altar of Makhleb.
  6145 | Lair:8   | Found a gateway to Hell.
  6284 | Lair:8   | Killed an eight-headed hydra
  6394 | Lair:8   | Noticed a death yak
  6418 | Lair:8   | Noticed a death yak
  6419 | Lair:8   | Noticed a death yak
  6420 | Lair:8   | Noticed a death yak
  6430 | Lair:8   | Killed a death yak
  6442 | Lair:8   | Killed a death yak
  6442 | Lair:8   | Reached XP level 13. HP: 109/123 MP: 15/15
  6450 | Lair:8   | Reached skill level 5 in Evocations
  6632 | Lair:7   | Found a staircase to the Slime Pits.
  6674 | Lair:7   | Reached skill level 11 in Armour
  7183 | Lair:5   | Found an opulent altar of Gozag.
  7231 | Lair:5   | Reached skill level 1 in Maces & Flails
  7306 | Lair:4   | Reached ****** piety under Makhleb
  7546 | Lair:2   | Reached skill level 10 in Invocations
  7921 | Lair:4   | Found a staircase to the Swamp.
  7944 | Swamp:1  | Entered Level 1 of the Swamp
  7994 | Swamp:1  | Gained mutation: You resist negative energy. (rN+) [Deep Dwarf growth]
  7994 | Swamp:1  | Reached XP level 14. HP: 56/133 MP: 17/17
  8127 | Swamp:3  | Reached skill level 12 in Armour
  8163 | Swamp:3  | Reached skill level 10 in Fighting
  8388 | Swamp:4  | Entered Level 4 of the Swamp
  8414 | Swamp:4  | Noticed a thorn hunter
  8424 | Swamp:4  | Killed a thorn hunter
  8567 | Swamp:4  | Noticed the 27-headed Lernaean hydra
  8698 | Swamp:4  | Noticed a thorn hunter
  8718 | Swamp:4  | Killed a thorn hunter
  8763 | Swamp:4  | Reached skill level 13 in Armour
  8808 | Swamp:4  | Noticed a balrug
  8817 | Swamp:4  | Noticed a balrug
  8907 | Swamp:4  | Noticed a balrug
  9038 | Swamp:3  | Noticed a thorn hunter
  9136 | Swamp:3  | Killed a thorn hunter
  9277 | Swamp:4  | Got a decaying rune of Zot
  9385 | Swamp:2  | Reached XP level 15. HP: 44/144 MP: 17/17
  9765 | Lair:6   | Found a hole to the Spider Nest.
  9788 | Spider:1 | Entered Level 1 of the Spider Nest
 10077 | Spider:1 | Upgraded the game from 0.19-a0-466-g499225e to 0.19-a0-470-ga918a2a
 10193 | Spider:1 | Noticed Loup's ghost (adept MiBe)
 10207 | Spider:1 | Killed Loup's ghost
 10507 | Spider:3 | Reached skill level 14 in Armour
 10888 | Spider:3 | Got a twisted leather armour
 10898 | Spider:4 | Entered Level 4 of the Spider Nest
 11130 | Spider:4 | Reached XP level 16. HP: 91/156 MP: 17/17
 11247 | Spider:4 | Reached skill level 15 in Armour
 11267 | Spider:4 | Got a gossamer rune of Zot
 11457 | Spider:3 | Noticed Arachne
 11473 | Spider:3 | Killed Arachne
 11570 | Spider:4 | Noticed Donald
 11597 | Spider:4 | Killed Donald
 12084 | D:11     | Found a staircase to the Orcish Mines.
 12159 | D:11     | Learned a level 4 spell: Passage of Golubria
 12205 | D:11     | Identified the +1 leather armour "Gerur" {rC+ MR+ SInv} (You found it on level 3 of the Spider Nest)
 12226 | Orc:1    | Entered Level 1 of the Orcish Mines
 12426 | Orc:1    | Noticed Fannar
 12449 | Orc:1    | Killed Fannar
 12567 | Orc:2    | Entered Level 2 of the Orcish Mines
 12573 | Orc:2    | Found Yrrievont's Antique Armour Boutique.
 12673 | Orc:2    | Found Lixzeigh's Antique Weapon Boutique.
 12681 | Orc:2    | Found a staircase to the Elven Halls.
 12692 | Orc:2    | Noticed Nessos
 12731 | Orc:2    | Killed Nessos
 12747 | Orc:2    | Found Ywnolek's Antique Weapon Shop.
 12751 | Orc:2    | Found Enkod's Food Boutique.
 12778 | Orc:2    | Found Tidwuom's Armour Emporium.
 12782 | Orc:2    | Found Quno's Magic Scroll Shop.
 12834 | Orc:2    | Bought a scroll of blinking for 97 gold pieces
 12834 | Orc:2    | Bought a scroll of enchant weapon for 97 gold pieces
 12834 | Orc:2    | Bought a scroll of teleportation for 39 gold pieces
 12834 | Orc:2    | Bought a scroll of fear for 45 gold pieces
 12834 | Orc:2    | Bought a scroll of fear for 45 gold pieces
 12936 | Orc:2    | Found a roughly hewn altar of Beogh.
 12998 | Orc:2    | Found Adghejom's Weapon Boutique.
 13050 | Elf:1    | Entered Level 1 of the Elven Halls
 13133 | Elf:2    | Identified 2 scrolls of acquirement
 13365 | Elf:1    | Found a portal to a secret trove of treasure.
 13582 | Elf:2    | Reached skill level 15 in Invocations
 13716 | Elf:2    | Found a huge runed gate.
 13716 | Elf:2    | Found a huge runed gate.
 13716 | Elf:2    | Found a huge runed gate.
 13716 | Elf:2    | Found a huge runed gate.
 13718 | Elf:2    | Reached XP level 17. HP: 136/166 MP: 19/19
 13722 | Elf:2    | Found a huge runed gate.
 13815 | Elf:2    | Reached skill level 16 in Armour
 13907 | Elf:2    | Gained mutation: You expend magic power (3 MP) to strengthen your wands. [a neqoxec]
 13951 | Elf:2    | Reached skill level 10 in Evocations
 14064 | Elf:2    | Noticed Saint Roka
 14141 | Elf:2    | Killed Saint Roka
 14218 | Elf:2    | Found Byxomyrph's Jewellery Boutique.
 14282 | Elf:3    | Entered Level 3 of the Elven Halls
 14574 | Elf:3    | Found a deep blue altar of Sif Muna.
 14778 | Elf:3    | Noticed a deep elf blademaster
 14796 | Elf:3    | Killed a deep elf blademaster
 14821 | Elf:3    | Reached skill level 17 in Armour
 14872 | Elf:3    | Noticed a deep elf blademaster
 14898 | Elf:3    | Killed a deep elf blademaster
 14938 | Elf:3    | Noticed a deep elf master archer
 14954 | Elf:3    | Killed a deep elf master archer
 15017 | Elf:3    | Got a steaming leather armour
 15018 | Elf:3    | Identified the +4 leather armour "Nuolaawa" {rC+ Slay+2} (You found it on level 3 of the Elven Halls)
 15114 | Elf:3    | Got a translucent ivory ring
 15116 | Elf:3    | Identified the cursed ring "Vesum" {rF+ rC- MR+++ Dex-3} (You found it on level 3 of the Elven Halls)
 15131 | Elf:3    | Identified the Grimoire of Unholy Enchantment (You found it on level 3 of the Elven Halls)
 15175 | Elf:3    | Got a fine brass ring
 15215 | Elf:3    | Identified the ring "Bofefeozof" {rPois rF+ MR+ Int-3} (You took it off a deep elf archer on level 3 of the Elven Halls)
 15442 | Orc:2    | Bought a pitted ice dragon armour for 2275 gold pieces
 15452 | Orc:2    | Identified the +8 ice dragon armour "Urhaxure" {rF- rC++ Dex+3} (You bought it in a shop on level 2 of the Orcish Mines)
 15867 | D:13     | Reached skill level 1 in Earth Magic
 15871 | D:12     | Noticed Sonja
 15872 | D:12     | Found Weip's Antique Armour Emporium.
 15922 | D:12     | Gained mutation: You passively map a large area around you. [Deep Dwarf growth]
 15922 | D:12     | Reached XP level 18. HP: 176/180 MP: 20/20
 15941 | D:12     | Killed Sonja
 16067 | D:14     | Found Muares's Food Boutique.
 16112 | D:14     | Reached skill level 1 in Transmutations
 16285 | D:15     | Entered Level 15 of the Dungeon
 16353 | D:15     | Found a staircase to the Depths.
 16390 | D:15     | Noticed Agnes
 16401 | D:15     | Killed Agnes
 16866 | D:13     | Reached skill level 18 in Armour
 16879 | D:13     | Found a gate to the Vaults.
 16901 | Vaults:1 | Entered Level 1 of the Vaults
 17082 | Vaults:2 | Found a hide-covered altar of Uskayaw.
 17409 | Vaults:5 | Entered Level 5 of the Vaults
 17416 | Vaults:4 | Reached skill level 15 in Fighting
 17438 | Vaults:5 | Noticed a tentacled monstrosity
 17452 | Vaults:5 | Killed a tentacled monstrosity
 17478 | Vaults:5 | Reached XP level 19. HP: 193/193 MP: 21/21
 17487 | Vaults:5 | Reached skill level 19 in Armour
 17616 | Vaults:5 | Noticed a golden dragon
 17668 | Vaults:4 | Noticed Guenter's ghost (adept FoFi)
 17837 | Vaults:4 | Killed a golden dragon
 18174 | Vaults:5 | Noticed an ancient lich
 18187 | Vaults:5 | Killed an ancient lich
 18221 | Vaults:5 | Reached skill level 20 in Armour
 18226 | Vaults:5 | Reached XP level 20. HP: 203/210 MP: 20/20
 18276 | Vaults:5 | Learned a level 2 spell: Repel Missiles
 18288 | Vaults:5 | Learned a level 2 spell: Blink
 18497 | Vaults:5 | Got a bound granite ring
 18500 | Vaults:5 | Identified the ring of Utya {Fire Int+4 Dex+4} (You found it on level 5 of the Vaults)
 18688 | Vaults:5 | Got a silver rune of Zot
 18919 | Vaults:3 | Found Ecviblaw's Magic Scroll Shop.
 18934 | Vaults:3 | Bought a scroll of enchant weapon for 142 gold pieces
 18934 | Vaults:3 | Bought a scroll of teleportation for 57 gold pieces
 18934 | Vaults:3 | Bought a scroll of teleportation for 57 gold pieces
 18934 | Vaults:3 | Bought 3 scrolls of teleportation for 171 gold pieces
 19670 | Vaults:3 | Reached skill level 5 in Earth Magic
 19726 | Vaults:3 | Reached XP level 21. HP: 220/220 MP: 21/21
 19972 | Vaults:2 | Got a crude battleaxe
 19973 | Vaults:2 | Identified the +11 battleaxe "Qamiguo" {chop, rPois Str+7 Int+2} (You found it on level 2 of the Vaults)
 20586 | Vaults:3 | Found a staircase to the Crypt.
 20586 | Vaults:3 | Found a basalt altar of Yredelemnul.
 20586 | Vaults:3 | Found an ancient bone altar of Kikubaaqudgha.
 20593 | Crypt:1  | Entered Level 1 of the Crypt
 20777 | Crypt:1  | Reached skill level 21 in Armour
 20867 | Crypt:3  | Entered Level 3 of the Crypt
 20871 | Crypt:3  | Reached skill level 5 in Transmutations
 20965 | Crypt:3  | Found a staircase to the Tomb.
 21244 | Crypt:3  | Noticed an ancient lich
 21259 | Crypt:3  | Killed an ancient lich
 21283 | Crypt:3  | Identified a +4 rod of clouds (12/12) (You found it on level 3 of the Crypt)
 21292 | Crypt:3  | Got a translucent iron ring
 21305 | Crypt:3  | Got a steaming steel ring
 21309 | Crypt:3  | Got a slimy diamond amulet
 21327 | Crypt:3  | Identified the amulet of Darkness {Spirit rN+ Stlth+} (You found it on level 3 of the Crypt)
 21331 | Crypt:3  | Identified the ring "Lauguog" {rC+ MP+9 Dex+3} (You found it on level 3 of the Crypt)
 21333 | Crypt:3  | Identified the ring "Vaomuam" {rC+ rN+ Str-3 Int+3 Dex+3} (You found it on level 3 of the Crypt)
 21864 | Tomb:1   | Entered Level 1 of the Tomb of the Ancients
 22004 | Tomb:1   | Reached skill level 22 in Armour
 22012 | Tomb:1   | Reached skill level 10 in Earth Magic
 22015 | Tomb:1   | Noticed a greater mummy
 22063 | Tomb:1   | Killed a greater mummy
 22080 | Tomb:1   | Noticed a greater mummy
 22093 | Tomb:1   | Killed a greater mummy
 22093 | Tomb:1   | Reached XP level 22. HP: 57/230 MP: 22/22
 22104 | Tomb:1   | Noticed an ancient lich
 22140 | Tomb:1   | Killed an ancient lich
 22877 | Elf:2    | Bought an uncursed ring of wizardry for 390 gold pieces
 22877 | Elf:2    | Bought a +4 amulet of reflection for 325 gold pieces
 23206 | Depths:1 | Entered Level 1 of the Depths
 23384 | Depths:1 | Reached skill level 1 in Spellcasting
 23739 | Depths:2 | Reached skill level 23 in Armour
 24308 | Depths:3 | Found a one-way gate leading to the halls of Pandemonium.
 24824 | Depths:4 | Found a one-way gate to the infinite horrors of the Abyss.
 24827 | Depths:4 | Noticed a caustic shrike
 24835 | Depths:4 | Reached skill level 24 in Armour
 24837 | Depths:4 | Killed a caustic shrike
 24844 | Depths:4 | Reached XP level 23. HP: 219/238 MP: 22/22
 24866 | Depths:4 | Voluntarily entered the Abyss.
 25346 | Abyss:3  | Gained mutation: Your magical capacity is low. (-10% MP) [a neqoxec]
 25355 | Abyss:3  | Paralysed by accursed screaming for 1 turns
 25359 | Abyss:3  | Paralysed by accursed screaming for 1 turns
 25366 | Abyss:3  | Gained mutation: You are occasionally teleported next to monsters. [a neqoxec]
 25367 | Abyss:3  | Gained mutation: You are dopey. (Int -2) [a neqoxec]
 25418 | Abyss:3  | Lost mutation: You occasionally shout uncontrollably at your foes. [potion of cure mutation]
 25418 | Abyss:3  | Lost mutation: You are dopey. (Int -2) [potion of cure mutation]
 25418 | Abyss:3  | Lost mutation: You expend magic power (3 MP) to strengthen your wands. [potion of cure mutation]
 25418 | Abyss:3  | Lost mutation: Your magical capacity is low. (-10% MP) [potion of cure mutation]
 25671 | Abyss:4  | Found a corrupted altar of Lugonu.
 25805 | Abyss:4  | Reached skill level 25 in Armour
 25867 | Abyss:4  | Got an abyssal rune of Zot
 25919 | Depths:4 | Escaped the Abyss
 25968 | Depths:5 | Entered Level 5 of the Depths
 25968 | Depths:5 | Found a gateway to a ziggurat.
 26140 | Depths:5 | Upgraded the game from 0.19-a0-470-ga918a2a to 0.19-a0-506-g7d78316
 26235 | Depths:5 | Reached skill level 26 in Armour
 26261 | Depths:5 | Found a gate to the Realm of Zot.
 26294 | Zig:1    | Entered Level 1 of a ziggurat
 26304 | Zig:1    | Gained mutation: Scrolls take you a little longer to read. [a shining eye]
 26307 | Zig:1    | Lost mutation: Scrolls take you a little longer to read. [potion of cure mutation]
 26307 | Zig:1    | Lost mutation: You are occasionally teleported next to monsters. [potion of cure mutation]
 26307 | Zig:1    | Lost mutation: Your system is resistant to poisons. (rPois) [potion of cure mutation]
 26307 | Zig:1    | Lost mutation: You are partially covered in rugged brown scales. (AC +1, +3% HP) [potion of cure mutation]
 26318 | Zig:2    | Entered Level 2 of a ziggurat
 26337 | Zig:2    | Reached XP level 24. HP: 237/241 MP: 22/22
 26355 | Zig:3    | Entered Level 3 of a ziggurat
 26401 | Zig:4    | Entered Level 4 of a ziggurat
 26441 | Zig:4    | Got a polished demon blade
 26455 | Zig:5    | Entered Level 5 of a ziggurat
 26501 | Zig:5    | Reached skill level 10 in Transmutations
 26501 | Zig:5    | Reached XP level 25. HP: 150/248 MP: 22/22
 26508 | Zig:6    | Entered Level 6 of a ziggurat
 26547 | Zig:6    | Got a heavily runed plate armour
 26548 | Zig:6    | Identified a +1 rod of inaccuracy (11/11) (You found it on level 6 of a ziggurat)
 26550 | Zig:6    | Identified the Reference Book on Evil Secrets and Heat (You found it on level 6 of a ziggurat)
 26562 | Zig:6    | Identified the +6 plate armour of Gluttony {Regen+ Str+4} (You found it on level 6 of a ziggurat)
 26582 | Zig:7    | Entered Level 7 of a ziggurat
 26597 | Zig:7    | Noticed Pabra the pandemonium lord
 26613 | Zig:7    | Gained mutation: Your body sometimes deteriorates upon taking damage. [a cacodemon]
 26626 | Zig:7    | Killed Pabra the pandemonium lord
 26642 | Zig:7    | Identified Kivahuly's Papyrus of Intoxication and Darkness (You found it on level 7 of a ziggurat)
 26674 | Zig:8    | Entered Level 8 of a ziggurat
 26745 | Zig:8    | Learned a level 3 spell: Spectral Weapon
 26751 | Zig:8    | Identified Viutek's Compendium of Hexes (You found it on level 8 of a ziggurat)
 26756 | Zig:9    | Entered Level 9 of a ziggurat
 26764 | Zig:9    | Noticed a greater mummy
 26775 | Zig:9    | Mangled by an iron dragon simulacrum

Vault maps used:
D:1:      ldierk_water_garden, supply_closet_lemuel, hangedman_feature_mirror,
          minmay_quantized
D:4:      kennysheep_okawaru_gauntlet, tso_metal_star, serial_shops, shop,
          first_bread
D:5:      old_standard_altar, nicolae_overflow_crystal_walls,
          gammafunk_temple_overflow_statue, minmay_temple_entry_statues_pillars,
          gup_sewer_entry_spiral, fedhas_bush_and_centaur_altar
D:6:      grunt_temple_overflow_growth_and_decay, uniq_pikel,
          uniq_blork_the_orc, uniq_grinder, uniq_menkaure
D:7:      kennysheep_little_box, nemelex_altar_shiori, lemuel_doored_altar,
          serial_shops, kennysheep_mini_moat, uniq_duvessa
D:8:      kennysheep_just_a_vault
D:9:      lemuel_crystal_altar, marbit_many_paths, kennysheep_mini,
          overflow_temple_1_default, serial_shops, shop, blue_anna_alchemist,
          uniq_erolcha
D:10:     dpeg_oklobed_lair, nicolae_water_bricks, nicolae_xom_altar_mimics
D:11:     erik_orc_4, serial_shops, shop, uniq_nergalle, uniq_gastronok
D:12:     serial_shops, nicolae_shop_statue_plus, uniq_sonja
D:13:     david_vaults_4
D:14:     serial_shops, shop_statue, infiniplex_staircase_river
D:15:     grunt_enter_depths_magical_seal, roderic_roman_lattice,
          minmay_misc_feat_alley, uniq_agnes
Temple:   corrupted_temple
Lair:2:   serial_bayou_crossing, grunt_megastairs_5, uniq_erica
Lair:3:   lemuel_fruit_tree, grunt_megastairs_2, lemuel_fruit_fields,
          infiniplex_staircase_pool
Lair:4:   minmay_swamp_entry_reptiles
Lair:5:   boulder_dual_corridor_run, basic_altar
Lair:6:   nicolae_spider_entry_tight_spaces
Lair:7:   minmay_slime_entry_jelly_boxes, uniq_kirke
Lair:8:   evil_forest, disabler_island, infiniplex_staircase_pool_2
Swamp:1:  nicolae_swamp_treefoil
Swamp:2:  hangedman_swamp_pad
Swamp:3:  evilmike_swamp_ruin_house_1, swamp_pool2
Swamp:4:  grunt_swamp_rune_castle, swamp_pool4
Spider:1: guppyfry_wasp_nest
Spider:3: nicolae_orb_stairs_large, uniq_arachne
Spider:4: guppyfry_spider_rune, uniq_donald, uniq_mara
Orc:1:    special_room, mines_bat_river, uniq_fannar
Orc:2:    st_orc_open, serial_shops, shop_fountains,
          nicolae_shop_window_shopping, nicolae_shop_waterfront, special_room,
          lemuel_statue_altar, uniq_nessos
Elf:1:    elf_arrival_002, enter_trove_6, minmay_elf_annihilation,
          grunt_ministairs_14, nicolae_elf_big_sculpture_2
Elf:2:    serial_shops, nicolae_shop_waterfront, grunt_megastairs_3,
          uniq_saint_roka
Elf:3:    minmay_elf_hall_spiked, special_room, basic_altar
Vaults:1: vaults_mumra_minichess_inversion, v_misc_4,
          nicolae_vaults_display_case, v_misc_30, v_misc_32, v_misc_13
Vaults:2: v_rooms_1, ontoclasm_vaults_tryst, vaults_dpeg_diagonal, v_rooms_6,
          v_misc_16, vaults_dpeg_hooks, ontoclasm_vaults_shuriken,
          nicolae_vaults_mini_display_case, basic_altar
Vaults:3: minmay_crypt_entry_necro_gods, vaults_room_pools, v_rooms_3,
          hangedman_vaults_nails, nicolae_vaults_little_squares_6,
          grunt_vaults_focal, vaults_room_corners, hangedman_vaults_nodes,
          v_misc_3, nicolae_vaults_little_squares_4, v_pattern_2, v_misc_14,
          v_misc_22, serial_shops, nicolae_shop_stone
Vaults:4: v_rooms_6, v_alt_pattern_6, hangedman_vaults_restitches,
          hangedman_vaults_snaps, vaults_room_fours, st_smaller_cells
Crypt:3:  due_elkab
Depths:1: grunt_metal_band, solitary_fountain, hangedman_aviary,
          serial_bayou_shore_a
Depths:2: forest_paths, hell_entry, serial_sigils_hangedman_etch
Depths:3: minmay_skeletal_surprise, serial_bayou_lagoon_a,
          grunt_pan_entry_in_and_out, pf_vacation_house_of_asmodeus,
          infiniplex_staircase_zigzag_1, serial_bayou_shore_b,
          basic_stair_grate_trap
Depths:4: minmay_nested_s, hell_entry, minmay_misc_feat_plants, abyss_entry,
          serial_shops, shop, infiniplex_staircase_zigzag_5
Depths:5: grunt_zot_entry_alcove, enter_ziggurat_b, hell_entry,
          minmay_hedge_maze
Abyss:2:  guppyfry_abyss_exit_imp_island
Abyss:3:  hangedman_abyss_town, nicolae_abyss_rune_left_handed
Abyss:4:  nicolae_abyss_rune_left_handed
Zig:2:    ziggurat_pillar_centre_c
Zig:6:    ziggurat_loot_3
Sewer:    sewer_kobolds

Skill      XL: |  1  2  3  4  5  6  7  8  9 10 11 12 13 14 15 16 17 18 19 20 21 22 23 24 |
---------------+-------------------------------------------------------------------------+-----
Fighting       | 3 4 5 6 7 8 9 10 11 12 14 15 17 18 19 | 19.0
Armour         | 4 5 6 7 9 10 11 13 14 15 17 18 20 22 24 26 | 26.7
Axes           | 4 5 6 9 11 13 14 16 17 18 19 20 | 20.8
Dodging        | 1 2 3 5 6 |  6.2
Evocations     | 1 2 4 7 8 11 | 11.1
Invocations    | 5 6 8 10 12 13 15 | 15.3
Maces & Flails | 1 |  1.0
Earth Magic    | 1 2 5 10 12 13 | 13.9
Transmutations | 1 3 7 8 9 10 | 10.1
Spellcasting   | 1 2 |  2.8
Throwing       | |  0.8
Shields        | |  3.2
Charms         | |  0.1

Action                   |  1- 3 |  4- 6 |  7- 9 | 10-12 | 13-15 | 16-18 | 19-21 | 22-24 | 25-27 || total
-------------------------+-------+-------+-------+-------+-------+-------+-------+-------+-------++-------
Melee: War axe           |    82 |   189 |   374 |   594 |   437 |       |       |       |       ||  1676
       Whip              |       |       |       |    23 |   160 |       |       |       |       ||   183
       Battleaxe         |       |       |       |       |   695 |   496 |   452 |  1059 |    59 ||  2761
       Executioner's axe |       |       |       |       |       |   858 |   619 |       |       ||  1477
       Dire flail        |       |       |       |       |       |    12 |       |       |       ||    12
Throw: Throwing net      |       |       |     3 |       |       |       |       |       |       ||     3
 Cast: Repel Missiles    |       |       |       |       |       |       |       |     3 |     1 ||     4
       Statue Form       |       |       |       |       |       |       |       |       |     2 ||     2
Invok: Lesser Servant of |       |       |       |    10 |    30 |    11 |       |       |       ||    51
       Greater Servant o |       |       |       |       |    15 |     4 |     4 |     2 |     3 ||    28
 Abil: Device Recharging |       |       |     3 |     1 |     5 |       |     2 |     1 |       ||    12
       End Transformatio |       |       |       |       |       |       |       |       |     1 ||     1
Evoke: Wand              |     2 |     1 |    15 |     8 |    33 |    12 |     5 |     4 |     1 ||    81
       Fan of gales      |       |       |       |       |       |     2 |       |       |       ||     2
       Rod               |       |       |       |       |       |       |       |     8 |     4 ||    12
  Use: Scroll            |       |    10 |     5 |     3 |    23 |    16 |    16 |     4 |     3 ||    80
       Potion            |       |     1 |       |     2 |    14 |     8 |     5 |     5 |       ||    35
 Stab: Distracted        |       |       |       |     1 |     9 |     6 |     1 |     1 |     1 ||    19
       Paralysed         |       |       |       |       |    21 |       |       |       |       ||    21
       Confused          |       |       |       |       |       |       |       |     4 |       ||     4
  Eat: Pizza             |       |     1 |       |       |     1 |       |     1 |       |       ||     3
       Chunk             |       |     2 |     3 |       |     1 |     1 |     5 |       |       ||    12
       Beef jerky        |       |       |     2 |       |     6 |     3 |       |       |       ||    11
       Fruit             |       |       |     6 |     9 |     8 |    26 |     7 |       |       ||    56
       Royal jelly       |       |       |     2 |       |       |     1 |     3 |     8 |       ||    14
       Bread ration      |       |       |       |       |       |       |       |       |     1 ||     1
Armor: Chain mail        |    36 |   116 |   195 |    55 |       |       |       |       |       ||   402
       Plate armour      |       |       |       |   319 |  1471 |  1298 |   925 |   625 |       ||  4638
       Ice dragon armour |       |       |       |       |       |       |       |   135 |    44 ||   179
       Skin              |       |       |       |       |       |       |       |       |    28 ||    28
Dodge: Dodged            |    16 |    48 |   104 |   143 |   681 |   782 |   497 |   504 |    65 ||  2840
       Deflected         |       |       |       |       |       |       |       |     3 |     1 ||     4
Block: Shield            |    63 |   108 |   144 |   269 |   179 |       |       |       |       ||   763
       Other             |       |       |       |       |       |       |       |   130 |    10 ||   140
       Reflection        |       |       |       |       |       |       |       |     5 |       ||     5
